 Dungeon Crawl Stone Soup version 0.31-a0-229-g1fc7ce93e2 (webtiles) character file.

Game seed: 11165179570018335914

275 qw the Shooter (level 6, 0/37 HPs)
             Began as a Gargoyle Hexslinger on July 6, 2023.
             Slain by Duvessa
             ... wielding a +0 short sword
              (1 damage)
             ... on level 4 of the Dungeon.
             The game lasted 00:01:06 (2897 turns).

qw the Shooter (Gargoyle Hexslinger)                Turns: 2897, Time: 00:01:06

Health: 0/37       AC:  9    Str: 12    XL:     6   Next: 24%
Magic:  7/7        EV: 10    Int: 13    God:
Gold:   99         SH:  0    Dex: 14    Spells: 6/7 levels left

rFire   . . .        Y - +2 sling
rCold   . . .        (no shield)
rNeg    + . .        f - +0 ring mail
rPois   inf          (no helmet)
rElec   +            (no cloak)
rCorr   .            (no gloves)
SInv    .            (no boots)
Will    .....        (no amulet)
Stlth   +            (no ring)
HPRegen 0.26/turn    (no ring)
MPRegen 0.10/turn

%: no passive effects
@: no status effects
A: sickness immunity, AC +4, negative energy resistance 1, electricity
resistance, torment resistance 1, petrification resistance
a: no special abilities


You were on level 4 of the Dungeon.
You visited 1 branch of the dungeon, and saw 5 of its levels.

You collected 99 gold pieces.


Innate Abilities, Weirdness & Mutations

You are immune to sickness and miasma.
Your stone body is resilient. (AC +4)
You are immune to poison.
You resist negative energy. (rN+)
You are resistant to electric shocks. (rElec)
You are resistant to unholy torment.
You are immune to petrification.


   Skills:
 - Level 3.4 Fighting
 + Level 5.3 Ranged Weapons
 - Level 1.2 Armour
 - Level 1.5 Dodging
 - Level 1.0 Spellcasting
 - Level 2.6 Hexes


You had 6 spell levels left.
You knew the following spells:

 Your Spells              Type           Power      Damage    Failure   Level
a - Slow                  Hex            28%        N/A       22%         1

Your spell library contained the following spells:

 Spells                   Type           Power      Damage    Failure   Level
 Inner Flame              Hex/Fire       4%         N/A       73%         3
 Portal Projectile        Hex/Tloc       8%         N/A       73%         3
 Cause Fear               Hex            3%         N/A       91%         4

Inventory:

Hand Weapons
 Y - a +2 sling (weapon)
Armour
 f - a +0 ring mail (worn)
Potions
 b - a potion of ambrosia {unknown}
 d - a potion of enlightenment
 g - a potion of brilliance {unknown}

Dungeon Overview and Level Annotations

Branches:
Dungeon (5/15)
 Temple: D:4-7

Altars:
Yredelemnul

Annotations:
D:2 1 runed translucent door, Crazy Yiuf
D:4 Dowan, Duvessa


Message History

Duvessa is moderately wounded.
Dowan gestures wildly while chanting.
Dowan blinks!
Duvessa hits you but does no damage.
You shoot a sling bullet.
The sling bullet closely misses Duvessa.
Dowan says, "My weaknesses are her strengths!"
Duvessa hits you but does no damage. Duvessa hits you with a +0 short sword.
You shoot a sling bullet.
The sling bullet hits Duvessa but does no damage.
Duvessa is moderately wounded.
Dowan mumbles some strange words.
Dowan blinks!
Duvessa hits you with a +0 short sword.
You shoot a sling bullet. The sling bullet barely misses Duvessa.
Duvessa barely misses you.
You shoot a sling bullet. The sling bullet hits Duvessa.
Duvessa is moderately wounded.
Duvessa says, "When magic and the sword combine, nothing stands against them."
Duvessa hits you with a +0 short sword. Dowan gestures at you while chanting.
The puff of frost misses you. Duvessa hits you but does no damage.
You shoot a sling bullet.
The sling bullet hits Duvessa but does no damage.
Duvessa is moderately wounded.
Duvessa misses you.
You shoot a sling bullet.
The sling bullet closely misses Duvessa.
Duvessa hits you with a +0 short sword.
You shoot a sling bullet.
The sling bullet closely misses Duvessa.
Duvessa hits you with a +0 short sword.
You shoot a sling bullet. The sling bullet hits Duvessa.
Duvessa is heavily wounded.
Dowan casts a spell at you. The puff of flame hits you!
Duvessa hits you but does no damage. Dowan hits you but does no damage.
Duvessa barely misses you.
You shoot a sling bullet.
The sling bullet hits Duvessa but does no damage.
Duvessa is heavily wounded.
Dowan hits you but does no damage. Duvessa hits you with a +0 short sword.
You die...

#.#.###)# #.....# #.#.#.#
#.#.# #.# #.....# #<#.#.##
#.#.# #.# #.....#####.#...
#.#.# #.# #...............
#.#.# #.# #...............
#.#.# #.# #.#.............
#.#.# #.###.######........
#.#.###...................
#.#......@.............##.
#.##.....ee...####.###..#.
#.##..........# #.# #....
#.##..........# #.# #..#.
#.##..........# #<# #....
#.###.........########.#.#
#.# #...............##.#..
#.# #.........#####.##.#..
#.###.........#####.##)#.#


You could see Duvessa and Dowan.

Vanquished Creatures
  2 scorpions (D:4)
  An iguana (D:4)
  Jessica (D:2)
  2 adders
  An ufetubus (D:4)
  3 dart slugs
  7 orcs
  2 bats (D:1)
  5 endoplasms
  5 giant cockroaches
  10 hobgoblins
  2 quokkas
  8 ball pythons
  4 frilled lizards
  7 goblins
  2 kobolds
62 creatures vanquished.

Notes
Turn   | Place    | Note
-------+----------+-------------------------------------------
     0 | D:1      | qw the Gargoyle Hexslinger began the quest for the Orb.
     0 | D:1      | Reached XP level 1. HP: 12/12 MP: 2/2
     0 | D:1      | 0 ||| qw: Version: 0.3-a-46-gb1f654a
     0 | D:1      | 0 ||| qw: Game counter: 1446
     0 | D:1      | 0 ||| qw: Melee chars always use a shield: true
     0 | D:1      | 0 ||| qw: God list: Okawaru
     0 | D:1      | 0 ||| qw: Allow faded altars: false
     0 | D:1      | 0 ||| qw: Do Orc after clearing Dungeon:15 true
     0 | D:1      | 0 ||| qw: Do second Lair branch before Depths: true
     0 | D:1      | 0 ||| qw: Lair rune preference: random
     0 | D:1      | 0 ||| qw: Goals: Normal
     0 | D:1      | 0 ||| PLANNING D:1-11
   163 | D:1      | You fall into a shaft and drop 1 floor!
   304 | D:2      | Found a runed translucent door.
   305 | D:2      | Noticed Crazy Yiuf
   384 | D:2      | Noticed Jessica
   387 | D:2      | Killed Jessica
   388 | D:2      | Reached skill level 3 in Ranged Weapons
   388 | D:2      | Reached XP level 2. HP: 16/16 MP: 3/3
   388 | D:2      | Reached XP level 3. HP: 20/20 MP: 4/4
   393 | D:2      | 393 ||| UPGRADING to +0 ring mail.
   403 | D:2      | 403 ||| DROPPING +0 robe.
   404 | D:2      | 404 ||| READING scroll labelled GUCKIM SASE.
   405 | D:2      | 405 ||| DROPPING scroll of poison.
   757 | D:1      | 757 ||| READING scroll labelled ZIUBALADIE.
   920 | D:2      | Reached XP level 4. HP: 23/26 MP: 5/5
   964 | D:2      | Reached skill level 4 in Ranged Weapons
  1314 | D:2      | 1314 ||| READING scroll labelled WAHOULEAPI.
  1506 | D:3      | Reached skill level 1 in Armour
  1650 | D:3      | Found a basalt altar of Yredelemnul.
  1807 | D:3      | 1807 ||| DROPPING scarf of shadows.
  1808 | D:3      | 1808 ||| READING scroll labelled NYOMA ZEDO.
  1809 | D:3      | 1809 ||| READING 2 scrolls labelled UKEPHI WENKIMOKHLO.
  1810 | D:3      | 1810 ||| DRINKING 2 lumpy white potions.
  1811 | D:3      | 1811 ||| DROPPING scroll of noise.
  1903 | D:4      | Reached XP level 5. HP: 30/30 MP: 6/6
  2091 | D:4      | HP: 7/30 [scorpion (5)]
  2097 | D:4      | HP: 3/30 [scorpion (3)]
  2100 | D:4      | Reached skill level 5 in Ranged Weapons
  2745 | D:4      | 2745 ||| READING scroll labelled TEPNOS TUHI.
  2746 | D:4      | 2746 ||| READING scroll labelled DAQYRCH JADU.
  2747 | D:4      | 2747 ||| READING scroll labelled CAPSIES DIBOPP.
  2766 | D:5      | Entered Level 5 of the Dungeon
  2766 | D:5      | Noticed Dowan
  2770 | D:5      | 2770 ||| STAIRDANCE
  2770 | D:5      | Noticed Duvessa
  2780 | D:4      | Reached skill level 3 in Fighting
  2780 | D:4      | Reached XP level 6. HP: 25/37 MP: 7/7
  2825 | D:5      | 2825 ||| STAIRDANCE
  2884 | D:5      | 2884 ||| STAIRDANCE
  2895 | D:4      | HP: 9/37 [Duvessa/+0 short sword (6)]
  2896 | D:4      | HP: 1/37 [Dowan/puff of flame (9)]
  2897 | D:4      | Slain by Duvessa

Levels and vault maps discovered:
D:1:      minmay_arrival_radiant_lines, layout_loops_ring, minmay_tetromino_o2
D:2:      layout_basic, uniq_crazy_yiuf_cottage, uniq_jessica
D:3:      layout_rooms, mainiacjoe_overflow_brackets
D:4:      layout_basic
D:5:      layout_basic, lemuel_blue_sif_altar, amcnicky_mini_pool_small,
          fountainhead, uniq_duvessa

Skill      XL: |  1  2  3  4  5 |
---------------+----------------+-----
Ranged Weapons | 3 4 5 |  5.3
Fighting       | 2 3 |  3.4
Armour         | 1 |  1.2
Dodging        | |  1.5
Spellcasting   | |  1.0
Hexes          | |  2.6

Action                     |  1- 3 |  4- 6 || total
---------------------------+-------+-------++-------
   Fire: Sling             |    66 |   193 ||   259
    Use: Scroll            |     2 |     6 ||     8
         Potion            |       |     1 ||     1
 Armour: Ring mail         |    12 |    67 ||    79
  Dodge: Dodged            |    17 |    62 ||    79

Table legend:
 A = Non-vault XP
 B = Vault XP
 C = Vault XP percentage of total XP
 D = Non-vault monster count
 E = Vault monster count
 F = Vault count percentage of total count
                 A         B        C        D         E       F
            +---------+---------+-------+---------+---------+-------
      Total |     354 |      39 |   9.9 |      60 |       2 |   3.2
            +---------+---------+-------+---------+---------+-------
        D:1 |      20 |       2 |   9.1 |      11 |       1 |   8.3
        D:2 |      34 |      37 |  52.1 |      12 |       1 |   7.7
        D:3 |      46 |       0 |   0.0 |      16 |       0 |   0.0
        D:4 |     254 |       0 |   0.0 |      21 |       0 |   0.0
            +---------+---------+-------+---------+---------+-------
